 Dungeon Sprint DCSS version 0.21.2 (webtiles) character file.

18610 Fang the Severer (level 12, -3/91 HPs)
             Began as a Gargoyle Berserker on Jan 18, 2019.
             Was a High Priest of Trog.
             Killed from afar by a lindwurm (16 damage)
             ... with a blast of flame
             ... in the Dungeon (Sprint VII: "The Pits").
             The game lasted 00:07:22 (3792 turns).

Fang the Severer (Gargoyle Berserker)               Turns: 3792, Time: 00:07:22

Health: -3/91      AC: 24    Str: 31    XL:     12   Next: 60%
Magic:  12/12      EV: 16    Int:  7    God:    Trog [*****.]
Gold:   34         SH:  0    Dex:  9    Spells: 11/11 levels left

rFire    . . .     SeeInvis +   m - +11 battleaxe of the Sneaky Wonders {chop, Str+4}
rCold    . . .     Gourm    +   (shield currently unavailable)
rNeg     + . .     Faith    .   t - +5 ring mail
rPois    ∞         Spirit   .   (no helmet)
rElec    +         Reflect  .   (no cloak)
rCorr    .         Harm     .   (no gloves)
MR       .....     NoTele   +   (no boots)
Stlth    +.........             x - amulet of Imemai {Gourm Stlth+}
HPRegen  0.25/turn              z - ring of see invisible
MPRegen  0.13/turn              q - +3 ring of protection

@: glowing
A: negative energy resistance 1, electricity resistance, unbreathing,
petrification resistance, rot immunity, AC +8
a: Berserk, Trog's Hand, Brothers in Arms, Burn Spellbooks, Renounce Religion


You were in the Dungeon.
You worshipped Trog.
Trog was extremely pleased with you.
You were very full.

You visited 1 branch You collected 34 gold pieces.

Inventory:

Hand Weapons
 j - a +2 hand axe of freezing
 m - the +11 battleaxe of the Sneaky Wonders (weapon) {chop, Str+4}
   (Trog gifted it to you in the Dungeon)

   It inflicts extra damage upon your enemies.
   It affects your strength (+4).
 s - a +2 war axe of chopping
 A - a +6 battleaxe of chopping
 C - a +7 antimagic executioner's axe
Armour
 t - a +5 ring mail (worn)
Jewellery
 p - a +3 ring of dexterity
 q - a +3 ring of protection (right hand)
 x - the amulet of Imemai (around neck) {Gourm Stlth+}
   (You found it in the Dungeon)

   [amulet of the gourmand]

   It allows you to eat raw meat even when not hungry.
   It makes you more stealthy.
 y - an uncursed ring of ice
 z - a ring of see invisible (left hand)
Scrolls
 b - a scroll of enchant armour
 i - 2 scrolls of blinking
 k - 4 scrolls of remove curse
 l - a scroll of summoning
 n - 2 scrolls of enchant weapon
 o - 4 scrolls of fog
 v - 3 scrolls of identify
Potions
 a - 2 potions of invisibility
 d - 9 potions of curing
 e - 12 potions of heal wounds
 f - 4 potions of haste
 g - 4 potions of magic
 h - 6 potions of berserk rage
 r - a potion of might
 w - 4 potions of agility
Comestibles
 c - 7 rations
 B - a chunk of flesh


   Skills:
 + Level 17.0 Fighting
 + Level 18.9 Axes
 + Level 12.5 Armour
 + Level 10.5 Dodging
 + Level 4.7 Stealth


You had 11 spell levels left.
You didn't know any spells.

Dungeon Overview and Level Annotations

Branches:
Dungeon (1/1)

Altars:


Innate Abilities, Weirdness & Mutations

You are resistant to torment.
Your stone body is resilient. (AC +8)
You are immune to poison.
You resist negative energy. (rN+)
You are resistant to electric shocks. (rElec)
You can survive without breathing.
You are immune to petrification.
You are immune to rotting.


Message History

Your troll bites the cherub but does no damage.
The cherub blocks your troll's attack. x2
The cherub hits your troll with an uncursed falchion of flaming.
The cherub burns your troll.
Your troll dies!
Your troll's corpse disappears in a puff of smoke!
Unknown command.
The cherub unwields an uncursed falchion of flaming.
It stops flaming.
The cherub wields an uncursed hunting sling.
The cherub shoots a stone.
The stone hits you.
* * * LOW HITPOINT WARNING * * *
You see here a stone.
Unknown command.
Unknown command.
You feel much better. The apis gores you!!
* * * LOW HITPOINT WARNING * * *
The lindwurm breathes flames at you. The blast of flame hits you!
You die...

##### ...+ ...+ ##
#..# :# #..# #=#
#..# #.# #..# #.#
##.@# #++####
#§#.#kY# #......
############§##EA#
#......
..........))E§§..#
#..####
............§((..#
#..#
######''##########
#.)#
######''##########
#..#
.............##..#
#÷.#
...#..#......##..#
#..#


You could see an apis, a cherub, a lindwurm and a fire elemental.

Vanquished Creatures
  An emperor scorpion (D)
  A minotaur (D)
  A merfolk aquamancer (D)
  Erica (D)
  A two-headed ogre (D)
  A vampire mage (D)
  A sun demon (D)
  A sea snake (D)
  A flayed ghost (D)
  A deep troll (D)
  A spriggan druid (D)
  A sixfirhy (D)
  A cyclops (D)
  An elephant (D)
  A merfolk siren (D)
  A molten gargoyle (D)
  A spiny frog (D)
  Psyche (D)
  A komodo dragon (D)
  A rime drake (D)
  2 ice devils (D)
  A polar bear (D)
  3 blink frogs (D)
  11 dream sheep (D)
  A flying skull (D)
  A water elemental (D)
  A redback (D)
  3 yaks (D)
  A wraith (D)
  2 wargs (D)
  Edmund (D)
  3 porcupines (D)
  A floating eye (D)
  A water moccasin (D)
  A black bear (D)
  A necrophage (D)
  A centaur (D)
  A bullfrog (D)
  3 killer bees (D)
  2 crimson imps (D)
  A quasit (D)
  An iron imp (D)
  A hound (D)
  An orc priest (D)
  An orc wizard (D)
  Terence (D)
  A worker ant (D)
  An adder zombie (D)
  3 orcs (D)
  A bat zombie (D)
  A giant cockroach (D)
  2 goblins (D)
  A ball python (D)
  3 bats (D)
  A rat (D)
81 creatures vanquished.

Vanquished Creatures (collateral kills)
  A purple draconian (D)
  Urug (D)
  A sun demon (D)
  A shadow wraith (D)
  A deep elf mage (D)
  A black mamba (D)
  A smoke demon (D)
  A kobold demonologist (D)
  A red devil (D)
  A troll (D)
  An acid dragon (D)
  An orc priest (D)
  An orc wizard (D)
  An orc (D)
  A kobold (D)
15 creatures vanquished.

Vanquished Creatures (others)
  A bat skeleton (D)
1 creature vanquished.

Grand Total: 97 creatures vanquished

Notes
Turn   | Place    | Note
-------+----------+-------------------------------------------
     0 | D        | Fang the Gargoyle Berserker began the quest for the Orb.
     0 | D        | Reached XP level 1. HP: 14/14 MP: 1/1
    19 | D        | Reached skill level 3 in Axes
    62 | D        | Reached ** piety under Trog
    63 | D        | Reached XP level 2. HP: 20/20 MP: 2/2
    69 | D        | Noticed a floating eye
    69 | D        | Noticed a crimson imp
    75 | D        | Paralysed by a floating eye for 4 turns
    81 | D        | Killed a floating eye
    81 | D        | Reached skill level 6 in Axes
    81 | D        | Reached XP level 3. HP: 17/28 MP: 3/3
    81 | D        | Reached XP level 4. HP: 19/32 MP: 4/4
    81 | D        | Reached XP level 5. HP: 23/38 MP: 5/5
    82 | D        | Reached *** piety under Trog
   389 | D        | Reached skill level 7 in Axes
   416 | D        | Noticed Edmund
   417 | D        | Noticed a water moccasin
   417 | D        | Noticed Terence
   418 | D        | Noticed a porcupine
   419 | D        | Reached **** piety under Trog
   421 | D        | Killed a water moccasin
   421 | D        | Reached skill level 8 in Axes
   421 | D        | Reached XP level 6. HP: 45/45 MP: 6/6
   423 | D        | Killed Edmund
   423 | D        | Reached skill level 9 in Axes
   424 | D        | Killed a porcupine
   424 | D        | Reached skill level 5 in Armour
   424 | D        | Reached XP level 7. HP: 52/52 MP: 7/7
   424 | D        | Reached ***** piety under Trog
   427 | D        | Killed Terence
   427 | D        | Reached skill level 10 in Fighting
   489 | D        | Noticed a flying skull
   509 | D        | Killed a flying skull
   509 | D        | Reached skill level 10 in Axes
   509 | D        | Reached skill level 5 in Dodging
   950 | D        | Noticed a merfolk aquamancer
   964 | D        | Killed a merfolk aquamancer
   964 | D        | Received a gift from Trog
   964 | D        | Reached skill level 11 in Axes
   964 | D        | Reached XP level 8. HP: 59/60 MP: 8/8
  1144 | D        | Noticed a polar bear
  1150 | D        | Killed a polar bear
  1150 | D        | Reached skill level 12 in Axes
  1159 | D        | Reached XP level 9. HP: 65/65 MP: 9/9
  1449 | D        | Received a gift from Trog
  1486 | D        | Noticed an elephant
  1487 | D        | Noticed Psyche
  1493 | D        | Killed an elephant
  1493 | D        | Reached skill level 1 in Stealth
  1498 | D        | Killed Psyche
  1498 | D        | Reached skill level 13 in Axes
  1555 | D        | Noticed a molten gargoyle
  1555 | D        | Noticed a merfolk siren
  1561 | D        | Killed a molten gargoyle
  1561 | D        | Received a gift from Trog
  1575 | D        | Killed a merfolk siren
  1740 | D        | Reached XP level 10. HP: 72/72 MP: 10/10
  1750 | D        | Noticed a flayed ghost
  1760 | D        | Killed a flayed ghost
  1760 | D        | Received a gift from Trog
  1760 | D        | Reached skill level 14 in Axes
  1908 | D        | Noticed a deep troll
  1918 | D        | Killed a deep troll
  1918 | D        | Reached ****** piety under Trog
  1918 | D        | Reached skill level 10 in Armour
  2091 | D        | Noticed a minotaur
  2100 | D        | Killed a minotaur
  2325 | D        | Noticed a cyclops
  2327 | D        | Noticed a spriggan druid
  2327 | D        | Noticed a sun demon
  2335 | D        | Killed a spriggan druid
  2335 | D        | Received a gift from Trog
  2335 | D        | Reached skill level 15 in Axes
  2339 | D        | Killed a sun demon
  2339 | D        | Reached XP level 11. HP: 37/80 MP: 11/11
  2341 | D        | Killed a cyclops
  2343 | D        | Received a gift from Trog
  2372 | D        | Got a blackened battleaxe {god gift}
  2381 | D        | Identified the +11 battleaxe of the Sneaky Wonders {chop, Str+4} (Trog gifted it to you in the Dungeon)
  2705 | D        | Noticed a soul eater
  2712 | D        | Received a gift from Trog
  2712 | D        | Reached skill level 16 in Axes
  2717 | D        | Received a gift from Trog
  2730 | D        | Noticed a deep elf mage
  2733 | D        | Killed a deep elf mage
  2759 | D        | Received a gift from Trog
  2759 | D        | Reached skill level 15 in Fighting
  2928 | D        | Noticed an emperor scorpion
  2939 | D        | Killed an emperor scorpion
  2990 | D        | Got the amulet of Imemai {Gourm Stlth+}
  3091 | D        | Noticed a vampire mage
  3101 | D        | Killed a vampire mage
  3101 | D        | Reached skill level 17 in Axes
  3303 | D        | Noticed a two-headed ogre
  3308 | D        | Killed a two-headed ogre
  3308 | D        | Received a gift from Trog
  3534 | D        | Reached XP level 12. HP: 85/88 MP: 12/12
  3536 | D        | Reached skill level 10 in Dodging
  3549 | D        | Received a gift from Trog
  3603 | D        | Reached skill level 18 in Axes
  3604 | D        | Received a gift from Trog
  3622 | D        | Noticed Erica
  3629 | D        | Killed Erica
  3756 | D        | Noticed an emperor scorpion
  3756 | D        | Noticed Urug
  3758 | D        | Noticed a sun demon
  3764 | D        | Killed Urug
  3766 | D        | Killed a sun demon
  3766 | D        | Received a gift from Trog
  3770 | D        | Noticed an apis
  3770 | D        | Noticed a purple draconian
  3778 | D        | Killed a purple draconian
  3792 | D        | Killed from afar by a lindwurm

Skill      XL: |  1  2  3  4  5  6  7  8  9 10 11 12 |
---------------+-------------------------------------+-----
Axes           | 3 6 8 9 11 12 13 15 17 18 | 18.9
Fighting       | 4 6 7 8 9 11 12 14 16 17 | 17.0
Armour         | 3 4 5 6 7 9 11 12 | 12.5
Dodging        | 3 4 6 7 8 9 10 | 10.5
Stealth        | 2 3 4 |  4.7

Action                   |  1- 3 |  4- 6 |  7- 9 | 10-12 || total
-------------------------+-------+-------+-------+-------++-------
Melee: Hand axe          |    16 |    15 |    63 |       ||    94
       War axe           |       |       |    36 |    49 ||    85
       Battleaxe         |       |       |       |    89 ||    89
Invok: Berserk           |     1 |     1 |     4 |     3 ||     9
       Brothers in Arms  |       |       |       |     5 ||     5
  Use: Potion            |       |       |       |     2 ||     2
  Eat: Chunk             |       |       |     3 |    18 ||    21
       Ration            |       |       |     2 |       ||     2
Armor: Animal skin       |     9 |     1 |       |       ||    10
       Ring mail         |       |     9 |    33 |    73 ||   115
Dodge: Dodged            |     8 |    12 |    33 |   112 ||   165
